 Dungeon Crawl Stone Soup version 0.26-a0-1181-gd376ed14c5 (webtiles) character file.

Game seed: 12423551285071786042

114 Dirian the Skirmisher (level 4, 0/42 HPs)
             Began as a Palentonga Fighter on Dec 25, 2020.
             Was an Initiate of Okawaru.
             Killed by divine providence
             ... invoked by an orc priest
              (13 damage)
             ... on level 3 of the Dungeon.
             The game lasted 00:04:10 (2023 turns).

Dirian the Skirmisher (Palentonga Fighter)          Turns: 2023, Time: 00:04:10

Health: 0/42       AC:  9    Str: 20    XL:     4   Next: 67%
Magic:  4/4        EV:  6    Int:  8    God:    Okawaru [......]
Gold:   94         SH:  9    Dex: 10    Spells: 3/3 levels left

rFire    . . .     SeeInvis +   a - +0 long sword
rCold    . . .     Faith    .   c - +0 kite shield
rNeg     . . .     Spirit   .   b - +0 scale mail
rPois    .         Reflect  .   (no helmet)
rElec    .         Harm     .   (no cloak)
rCorr    .         Rampage  .   r - +2 pair of gloves
Will     .....                  (no barding)
Stlth    ..........             (no amulet)
HPRegen  0.14/turn              (no ring)
MPRegen  0.09/turn              (no ring)

@: no status effects
A: large, rugged brown scales 3, see invisible, deformed body, roll 1, armoured
tail
a: Rolling Charge, Renounce Religion


You were on level 3 of the Dungeon.
You worshipped Okawaru.
Okawaru was noncommittal.
You visited 1 branch of the dungeon, and saw 3 of its levels.

You collected 94 gold pieces.

Inventory:

Hand Weapons
 a - a +0 long sword (weapon)
 o - a +0 short sword of flaming
Armour
 b - a +0 scale mail (worn)
 c - a +0 kite shield (worn)
 r - a +2 pair of gloves (worn)
 s - a +0 chain mail
Jewellery
 n - an uncursed ring of wizardry {unknown}
 p - an uncursed amulet of the acrobat {unknown}
Scrolls
 e - a scroll of fear {unknown}
 f - 2 scrolls of identify {unknown}
 g - a scroll of random uselessness {unknown}
 i - a scroll of noise {unknown}
 j - a scroll of blinking {unknown}
 l - a scroll of amnesia {unknown}
 m - a scroll of teleportation {unknown}
Potions
 d - a potion of might
 h - a potion of resistance {unknown}
 k - a potion of cancellation {unknown}
 q - a potion of ambrosia {unknown}


   Skills:
 + Level 3.6 Fighting
 + Level 3.2 Long Blades
 - Level 2.4 Armour
 * Level 1.5 Dodging
 + Level 3.0 Shields


You had 3 spell levels left.
You didn't know any spells.
Your spell library was empty.

Dungeon Overview and Level Annotations

Branches:
Dungeon (3/15)

Altars:
Dithmenos
Elyvilon
Hepliaklqana
Okawaru
Qazlal
Ru
Trog
Uskayaw
Wu Jian
Zin


Innate Abilities, Weirdness & Mutations

You are completely covered in rugged brown scales. (AC +3, +7% HP)
You have supernaturally acute eyesight. (SInv)
Armour fits poorly on your strangely shaped body.
You can roll at nearby foes to attack.
You have a long armoured tail.


Message History

The orc priest mumbles some strange prayers to Beogh against you.
Pain shoots through your body!
The orc priest invokes the aid of Beogh against you.
Beogh smites you! The orc priest hits you with a +0 club.
* * * LOW HITPOINT WARNING * * *
You hit the orc priest.
Your tail-slap misses the orc priest.
The orc priest is heavily wounded.
The orc priest begins to cast a cantrip, but forgets the words!
You block the orc priest's attack.
Your scale mail prevents you from hitting the orc priest.
You tail-slap the orc priest!
You kill the orc priest!
Okawaru accepts your kill.
Your Long Blades skill increases to level 3!
Your Shields skill increases to level 3!
You slash the orc priest!
The orc priest is heavily wounded.
The orc priest calls down the wrath of Beogh upon you.
Beogh smites you!
You die...

... ... #.# #.#
#.# #.# ## #o# .$
##@#######
#####.#.........
......)..#######
...##.##<########
... #..[......
#.## ###[...... #
.###### .# .#


You could see an orc priest.

Vanquished Creatures
  An orc priest (D:3)
  5 adders (D:2)
  A dart slug (D:1)
  2 leopard geckos
  5 orcs
  A giant cockroach (D:1)
  4 goblins
  4 hobgoblins
  6 bats
  A kobold (D:1)
  4 rats (D:2)
34 creatures vanquished.

Notes
Turn   | Place    | Note
-------+----------+-------------------------------------------
     0 | D:1      | Dirian the Palentonga Fighter began the quest for the Orb.
     0 | D:1      | Reached XP level 1. HP: 20/20 MP: 1/1
   336 | D:1      | Reached XP level 2. HP: 27/27 MP: 2/2
   692 | D:2      | Found a hide-covered altar of Uskayaw.
   693 | D:2      | Found a stormy altar of Qazlal.
   695 | D:2      | Found a sacrificial altar of Ru.
  1037 | D:2      | Found a hazy altar of Hepliaklqana.
  1037 | D:2      | Found a glowing silver altar of Zin.
  1038 | D:2      | Found a bloodstained altar of Trog.
  1038 | D:2      | Found a shadowy altar of Dithmenos.
  1038 | D:2      | Found an iron altar of Okawaru.
  1038 | D:2      | Found an ornate altar of the Wu Jian Council.
  1039 | D:2      | Found a white marble altar of Elyvilon.
  1060 | D:2      | Reached skill level 1 in Dodging
  1060 | D:2      | Reached XP level 3. HP: 28/33 MP: 3/3
  1071 | D:2      | Became a worshipper of Warmaster Okawaru
  1762 | D:3      | Reached XP level 4. HP: 37/40 MP: 4/4
  2023 | D:3      | Killed from afar by an orc priest

Illustrated notes

Levels and vault maps discovered:
D:1:      lemuel_arrival_river_passageway, layout_loops_ring
D:2:      minmay_alternating_diamond, layout_loops_ring,
          grunt_temple_overflow_open, nicolae_overflow_hidden_temple,
          hangedman_glass_teeth, grunt_ministairs_6
D:3:      layout_loops_ring, ashenzari_altar_1, uniq_sigmund

Skill      XL: |  1  2  3  4 |
---------------+-------------+-----
Dodging        | 1 |  1.5
Long Blades    | 3 |  3.2
Shields        | 3 |  3.0
Fighting       | |  3.6
Armour         | |  2.4

Action                   |  1- 3 |  4- 6 || total
-------------------------+-------+-------++-------
Melee: Long sword        |    84 |    22 ||   106
       Tailslap          |     7 |     4 ||    11
Armor: Scale mail        |    39 |     7 ||    46
Dodge: Dodged            |    24 |     6 ||    30
Block: Kite shield       |    35 |    16 ||    51
       Rpst.: Long sword |     9 |     5 ||    14

Table legend: (Time is in decaauts)
 A = Elapsed time spent in this place.
 B = Non-inter-level travel time spent in this place.
 C = Inter-level travel time spent in this place.
 D = Time resting spent in this place.
 E = Time spent auto-exploring this place.
 F = Levels seen in this place.
 G = Mean time per level.
                   A        B        C        D        E       F      G
               +--------+--------+--------+--------+--------+-----+--------+
         Total |   2069 |   1973 |     96 |      0 |   1688 |   3 |  689.7 |
       Dungeon |   2069 |   1973 |     96 |      0 |   1688 |   3 |  689.7 |
               +--------+--------+--------+--------+--------+-----+--------+

Top non-repeatable levels by time:
     D:2: 1358 daAuts
     D:1: 670 daAuts
     D:3: 40 daAuts
